 Dungeon Crawl Stone Soup version 0.19.5 (webtiles) character file.

5159 HouseofHex the Blocker (level 10, -14/77 HPs)
             Began as a Formicid Fighter on Apr 2, 2017.
             Killed from afar by a killer bee (18 damage)
             ... with an exploding inner flame
             ... hexed by the player character
             ... on level 8 of the Dungeon.
             The game lasted 00:27:24 (7246 turns).

HouseofHex the Blocker (Formicid Fighter)           Turns: 7246, Time: 00:27:24

Health: -14/77     AC: 15    Str: 25    XL:     10   Next: 89%
Magic:  0/10       EV:  9    Int:  7    God:
Gold:   472        SH: 13    Dex: 12    Spells: 0 memorised, 9 levels left

rFire  + . .     SeeInvis +     v - +3 long sword (flame)
rCold  . . .     Gourm    .     q - +0 plate armour
rNeg   . . .     Faith    .     c - +1 shield
rPois  .         Spirit   +     (helmet unavailable)
rElec  .         Reflect  .     (no cloak)
rCorr  +         Harm     .     (no gloves)
MR     ++...                    (no boots)
Stlth  ..........               A - amulet of guardian spirit
                                m - ring of resist corrosion
                                g - ring of protection from magic

@: lethally poisoned (-14 -> -19)
A: permanent stasis, dig shafts and tunnels, four strong arms, antennae 3, thin
metallic scales 1, agile 1, blurry vision 1, fire resistance 1, no device heal
1, sturdy frame 1
a: Dig, Shaft Self


You were on level 8 of the Dungeon.
You were not hungry.

You visited 2 branches of the dungeon, and saw 10 of its levels.

You collected 472 gold pieces.

Inventory:

Hand Weapons
 a - a +0 long sword
 v - a +3 long sword of flaming (weapon)
 y - a +0 mace
 B - the +9 hunting sling of Amortisation {flame, rPois rC++ rN+ Int-5}
   (You found it on level 5 of the Dungeon)

   It causes projectiles fired from it to burn those they strike, causing extra
   injury to most foes and up to half again as much damage against particularly
   susceptible opponents.
   It affects your intelligence (-5).
   It greatly protects you from cold.
   It protects you from poison.
   It protects you from negative energy.
Armour
 c - a +1 shield (worn)
 q - a +0 plate armour (worn)
Jewellery
 g - a ring of protection from magic (left hand)
 m - a ring of resist corrosion (right hand)
 A - an amulet of guardian spirit (around neck)
Wands
 b - a wand of enslavement (0/24)
 x - a wand of lightning (13/15)
 F - a wand of polymorph (5/24)
Scrolls
 e - a scroll of noise
 k - 2 scrolls of random uselessness
 l - 2 scrolls of remove curse
 p - 2 scrolls of teleportation
 t - a scroll of enchant weapon
 C - a scroll of enchant armour
 I - a scroll of amnesia
Potions
 d - a potion of might
 h - a potion of curing
 i - a potion of resistance
 n - 2 potions of berserk rage
 o - a potion of brilliance
 z - a potion of degeneration {unknown}
 E - a potion of magic {unknown}
 H - a potion of haste {unknown}
 K - a potion of invisibility
Books
 s - a book of Maledictions

   Spells                             Type                      Level
   a - Corona                         Hexes                        1
   b - Ensorcelled Hibernation        Hexes/Ice                    2
   c - Confuse                        Hexes                        3
   d - Tukima's Dance                 Hexes                        3
   e - Dazzling Spray                 Conjuration/Hexes            3
Comestibles
 f - 3 bread rations
 u - a slice of pizza
 w - a royal jelly
 G - 6 fruits


   Skills:
 + Level 6.8 Fighting
 + Level 9.6 Long Blades
 + Level 8.3 Armour
 + Level 2.0 Dodging
 - Level 0.3 Stealth
 + Level 10.2 Shields


You had 9 spell levels left.
You didn't know any spells.

Dungeon Overview and Level Annotations

Branches:
Dungeon (9/15)             Temple (1/1) D:4
   Lair: D:8-11         Orc: D:9-12

Altars:
Ashenzari
Dithmenos
Elyvilon
Fedhas
Hepliaklqana
Kikubaaqudgha
Makhleb
Nemelex Xobeh
Okawaru
Qazlal
Sif Muna
Trog
Uskayaw
Vehumet
Xom
Yredelemnul
Zin
The Shining One

Annotations:
D:8 Grum


Innate Abilities, Weirdness & Mutations

You are under a permanent stasis effect.
You can dig through walls and to a lower floor.
Your four strong arms can wield two-handed weapons with a shield.
You have a pair of large antennae on your head. (SInv)
You are partially covered in thin metallic scales. (AC +2)
You are agile. (Dex +2)
Scrolls take you a little longer to read.
Your flesh is heat resistant. (rF+)
Potions and wands are less effective at restoring your health.
Your movements are slightly less encumbered by armour. (ER -2)


Message History

You are poisoned.
The killer bee poisons you!
The killer bee stings you but does no damage. x2
You block Grum's attack. You block the killer bee's attack.
The killer bee closely misses you.
The orc warrior hits you with a battleaxe.
* * * LOW HITPOINT WARNING * * *
The killer bee closely misses you.
You riposte.
You slice the killer bee!! You burn the killer bee.
The killer bee explodes!
The fiery explosion engulfs you! You resist.
* * * LOW HITPOINT WARNING * * *
The fiery explosion engulfs Grum.
Grum is almost dead.
The fiery explosion engulfs the killer bee.
The killer bee explodes!
The fiery explosion engulfs the killer bee.
The killer bee is heavily wounded.
The fiery explosion engulfs you! You resist.
You die...

#.......<.........
#.................
#.................
###.................
##...................
##....................
#.....................
#..§§g......[>.(......
#..§§@o......#####....
##.§§§y.###### #####
#....§§.# #.......#
#.......# ##.....##
##...## #####


You could see Grum (inner flame), an orc warrior (inner flame) and a killer bee
(inner flame).

Vanquished Creatures
  The ghost of HouseofHex the Carver, a novice DsGl of Fedhas (D:7)
  Joseph (D:8)
  Psyche (D:8)
  A hippogriff (D:7)
  Sigmund (D:2)
  A hungry ghost (D:7)
  Duvessa (D:6)
  A black bear (D:7)
  2 orc warriors (D:7)
  3 sky beasts
  2 ice beasts
  2 phantoms (D:7)
  4 ogres
  2 wolves (D:8)
  A centaur (D:5)
  6 bullfrogs
  Dowan (D:6)
  A water moccasin skeleton (D:8)
  9 killer bees
  2 howler monkeys
  2 crimson imps (D:7)
  3 hounds
  2 orc wizards
  2 orc priests
  4 bullfrog skeletons
  A centaur skeleton (D:7)
  2 iguanas
  7 worker ants
  A killer bee zombie (D:5)
  2 hound zombies
  3 hound skeletons
  13 adders
  4 gnolls (D:2)
  A howler monkey skeleton (D:4)
  2 oozes
  4 worms
  3 dart slugs
  20 orcs
  6 bats
  5 giant cockroaches
  10 goblins
  5 hobgoblins
  4 jackals (D:6)
  5 kobolds
  3 ball pythons
  3 frilled lizards
  A leopard gecko skeleton (D:6)
  2 quokka skeletons (D:5)
  5 rats
168 creatures vanquished.

Notes
Turn   | Place    | Note
-------+----------+-------------------------------------------
     0 | D:1      | HouseofHex the Formicid Fighter began the quest for the Orb.
     0 | D:1      | Reached XP level 1. HP: 18/18 MP: 1/1
    29 | D:1      | Reached XP level 2. HP: 24/24 MP: 2/2
   299 | D:1      | Reached XP level 3. HP: 29/29 MP: 3/3
   448 | D:2      | Found a white marble altar of Elyvilon.
   730 | D:2      | Reached XP level 4. HP: 37/37 MP: 4/4
   797 | D:2      | Reached skill level 4 in Shields
   803 | D:2      | Noticed Sigmund
   819 | D:2      | Killed Sigmund
   819 | D:2      | Reached XP level 5. HP: 7/42 MP: 5/5
   819 | D:2      | Reached XP level 6. HP: 8/48 MP: 6/6
  1327 | D:3      | Reached skill level 5 in Shields
  1543 | D:3      | Reached skill level 1 in Dodging
  1822 | D:4      | Found a staircase to the Ecumenical Temple.
  1829 | Temple   | Entered the Ecumenical Temple
  2068 | D:4      | Reached XP level 7. HP: 50/54 MP: 7/7
  2473 | D:5      | Entered Level 5 of the Dungeon
  2507 | D:5      | Got a bone hunting sling
  2508 | D:5      | Identified the +9 hunting sling of Amortisation {flame, rPois rC++ rN+ Int-5} (You found it on level 5 of the Dungeon)
  2748 | D:5      | Reached skill level 5 in Long Blades
  2796 | D:5      | Reached skill level 5 in Armour
  2796 | D:5      | Reached skill level 6 in Shields
  2839 | D:5      | Reached XP level 8. HP: 29/61 MP: 8/8
  2963 | D:5      | Gained mutation: Potions and wands are less effective at restoring your health. [mutagenic meat]
  2964 | D:5      | Gained mutation: You are partially covered in thin metallic scales. (AC +2) [mutagenic meat]
  2965 | D:5      | Gained mutation: You are agile. (Dex +2) [mutagenic meat]
  2966 | D:5      | Gained mutation: Your system is resistant to poisons. (rPois) [mutagenic meat]
  2967 | D:5      | Gained mutation: Your flesh is heat resistant. (rF+) [mutagenic meat]
  3386 | D:5      | Reached skill level 7 in Shields
  3445 | D:5      | Reached skill level 5 in Fighting
  3750 | D:6      | Noticed Dowan
  3750 | D:6      | Noticed Duvessa
  3771 | D:6      | Killed Duvessa
  3797 | D:6      | Killed Dowan
  3797 | D:6      | Reached XP level 9. HP: 30/68 MP: 3/9
  4447 | D:6      | Reached skill level 8 in Shields
  4522 | D:6      | Found a hazy altar of Hepliaklqana.
  4806 | D:7      | Noticed a hippogriff
  4862 | D:7      | Killed a hippogriff
  5066 | D:7      | Noticed HouseofHex's ghost (novice DsGl)
  5116 | D:7      | Killed HouseofHex's ghost
  5239 | D:7      | Reached XP level 10. HP: 63/76 MP: 7/10
  5575 | D:6      | Gained mutation: Scrolls take you a little longer to read. [potion of mutation]
  5575 | D:6      | Lost mutation: Your system is resistant to poisons. (rPois) [potion of mutation]
  5590 | D:7      | Reached skill level 9 in Shields
  5656 | D:7      | Found a glowing golden altar of the Shining One.
  5772 | D:7      | Gained mutation: Your movements are slightly less encumbered by armour. (ER -2) [mutagenic meat]
  5772 | D:7      | Gained mutation: Scrolls take you longer to read. [potion of mutation]
  5772 | D:7      | Lost mutation: Scrolls take you longer to read. [potion of mutation]
  6635 | D:9      | Noticed Joseph
  6637 | D:9      | Noticed Grum
  6662 | D:9      | Noticed Psyche
  6677 | D:8      | Killed Joseph
  6710 | D:8      | Reached skill level 10 in Shields
  6997 | D:8      | Killed Psyche
  7246 | D:8      | Killed from afar by a killer bee

Skill      XL: |  1  2  3  4  5  6  7  8  9 10 |
---------------+-------------------------------+-----
Armour         | 4 5 7 8 |  8.3
Shields        | 4 5 6 7 8 10 | 10.2
Long Blades    | 4 5 6 8 9 |  9.6
Fighting       | 4 5 6 |  6.8
Dodging        | 1 2 |  2.0
Stealth        | |  0.3

Action                   |  1- 3 |  4- 6 |  7- 9 | 10-12 || total
-------------------------+-------+-------+-------+-------++-------
Melee: Long sword        |    81 |    85 |   411 |   201 ||   778
       Scythe            |       |    53 |       |       ||    53
  Use: Potion            |       |       |     4 |     7 ||    11
       Scroll            |       |       |     3 |    14 ||    17
 Stab: Invisible         |       |       |       |     4 ||     4
  Eat: Bread ration      |       |     1 |     2 |       ||     3
       Chunk             |       |       |     5 |     3 ||     8
       Meat ration       |       |       |     1 |       ||     1
       Beef jerky        |       |       |       |     3 ||     3
Armor: Scale mail        |    38 |    53 |       |       ||    91
       Plate armour      |       |    20 |   218 |   114 ||   352
Dodge: Dodged            |    24 |    47 |   107 |   113 ||   291
Block: Shield            |    41 |    81 |   254 |   204 ||   580
       Rpst.: Long sword |     6 |     6 |    25 |    39 ||    76
